 Dungeon Crawl Stone Soup version 0.14-a0-2810-g474977d (webtiles) character file.

5298 Psiweapon the Demolition Gargoyle (level 10, -5/54 HPs)
             Began as a Gargoyle Gladiator on Feb 25, 2014.
             Was an Elder of Makhleb.
             Slain by a komodo dragon (22 damage)
             ... on Level 1 of the Lair of Beasts on Feb 26, 2014.
             The game lasted 00:31:28 (7286 turns).

Psiweapon the Demolition Gargoyle (GrGl)            Turns: 7286, Time: 00:31:29

HP  -5/54        AC 16     Str 21      XL: 10   Next: 48%
MP  24/24        EV 11     Int 10      God: Makhleb [****..]
Gold 501         SH  0     Dex 10      Spells:  0 memorised,  9 levels left

rFire  + . .     SeeInvis .     N - +8 dire flail of Premoduv {venom, rF+}
rCold  + . .     Clarity  .     t - +3 leather armour {rC+}
rNeg   + . .     Conserve .     (no shield)
rPois  +         rCorr    .     c - +0 helmet
rElec  +         rRot     +     T - +0 cloak {MR+}
SustAb . .       Spirit   .     U - +0 pair of elf gloves
rMut   .         Warding  .     (no boots)
Saprov . . .     Stasis   .     (no amulet)
MR     +....                    r - ring of flight
                                C - ring of hunger

@: somewhat resistant to hostile enchantments, very unstealthy
A: life protection 1, electricity resistance, unbreathing, petrification
resistance, AC +7
a: Minor Destruction, Lesser Servant of Makhleb, Major Destruction, Renounce
Religion, Evoke Flight


You were on level 1 of the Lair of Beasts.
You worshipped Makhleb.
Makhleb was greatly pleased with you.
You were not hungry.

You visited 2 branches of the dungeon, and saw 9 of its levels.

You collected 501 gold pieces.

Inventory:

Hand weapons
 a - a +0,+0 quarterstaff
 N - the +8,+8 dire flail of Premoduv (weapon) {venom, rF+}
   (You found it on level 5 of the Dungeon)

   It poisons the flesh of those it strikes.
   It protects you from fire.
 O - a +0,+0 quarterstaff
 V - a +3,+4 quarterstaff of chaos
Missiles
 d - 2 throwing nets
 h - 2 javelins of returning
 q - a throwing net [torn]
 y - 24 poisoned needles
 A - 13 tomahawks
 I - 5 tomahawks of returning (quivered)
 L - 4 javelins
 Q - 4 steel tomahawks
Armour
 b - a +0 leather armour
 c - a +0 helmet (worn)
 j - a +0 pair of gloves
 t - a +3 leather armour of cold resistance (worn)
 E - a +0 orcish chain mail
 T - a +0 cloak of magic resistance (worn)
 U - a +0 pair of elven gloves (worn)
 W - a +0 cloak
Magical devices
 v - a wand of teleportation (2)
Comestibles
 f - 3 bread rations
 i - 4 meat rations
 X - a pear
 Y - 2 chunks of giant frog flesh
Scrolls
 e - a scroll of random uselessness {unknown}
 g - a scroll of fog {unknown}
 k - a scroll of fear
 o - 2 scrolls of immolation
 p - 2 scrolls of recharging {unknown}
 u - 3 scrolls of remove curse
 w - a scroll of enchant weapon II {unknown}
 x - a scroll of blinking
 B - a scroll of noise {unknown}
 D - a scroll of curse jewellery
 G - a scroll of teleportation {unknown}
 P - a scroll of enchant weapon I
 S - a scroll of enchant armour
Jewellery
 l - an uncursed ring of protection from magic
 r - a ring of flight (right hand)
 z - a cursed ring of wizardry
 C - a ring of hunger (left hand)
Potions
 m - a potion of brilliance
 n - 2 potions of heal wounds
 s - a potion of might
 F - 4 potions of curing
 H - 2 potions of flight
 J - 5 potions of agility
 K - 2 potions of degeneration
 M - a potion of lignification
Magical staves
 R - an uncursed staff of fire {unknown}


   Skills:
 + Level 2.5 Fighting
 - Level 10.1 Maces & Flails
 - Level 8.8 Staves
 - Level 2.0 Throwing
 + Level 1.0 Armour
 - Level 2.4 Dodging
 - Level 11.4 Invocations


You had 9 spell levels left.
You didn't know any spells.

Dungeon Overview and Level Annotations

Branches:
Dungeon (8/16)             Temple (0/1) D:7            Lair (1/8) D:8

Altars:
Makhleb
Sif Muna
Yredelemnul

Shops:
D:5 (

Annotations:
D:6 exclusion: oklob plant


Innate Abilities, Weirdness & Mutations

You are resistant to torment.
You are immune to poison.
Your stone body is very resilient (AC +7).
You resist negative energy.
You are resistant to electric shocks.
You can survive without breathing.
You are immune to petrification.


Message History

You continue eating.
You open the door.
A rat comes into view.
Found a papyrus book.
There is an open door here.
A komodo dragon comes into view.
The komodo dragon hisses angrily.
You puncture the rat!
You kill the rat!
Makhleb accepts your kill. The komodo dragon bites you!
You puncture the komodo dragon!
The komodo dragon is poisoned.
The komodo dragon is moderately wounded.
The komodo dragon bites you!
You sock the komodo dragon!
The komodo dragon looks even sicker.
The komodo dragon is severely wounded.
You puncture the komodo dragon!
The komodo dragon looks even sicker.
The komodo dragon is severely wounded.
The komodo dragon bites you!
You die...

###...## ###..#
###+#### ####.#
###......#
#####....####.#......#
..........##..'......#
.............##......#
.............#.......#
..........#.#.#..l...#
..........#####.@....#
....##..### #.:....#
##....## ##P###.+
##.#.. ### ..# .... .#


You could see a komodo dragon.

Vanquished Creatures
  Erolcha (D:8)
  The ghost of flammableBen the Slicer, an experienced HaAs (D:7)
  Maurice (D:8)
  Grinder (D:6)
  3 slime creatures (D:8)
  Eustachio (D:8)
  A hungry ghost (D:8)
  A hippogriff (D:8)
  An orc warrior (D:7)
  A sky beast (D:8)
  A porcupine (Lair:1)
  3 ogres
  3 centaurs
  Duvessa (D:6)
  2 giant frogs
  Dowan (D:6)
  2 goliath beetles (D:8)
  3 crimson imps
  Crazy Yiuf (D:6)
  6 hounds
  7 orc wizards
  2 scorpions
  An iguana (D:6)
  4 orc priests
  6 worker ants
  2 mummies (D:8)
  4 gnolls (D:3)
  9 adders
  An orc zombie (D:5)
  A giant mite (D:2)
  2 worms (D:5)
  An adder skeleton (D:5)
  3 giant eyeballs
  5 giant geckos
  An ooze (D:2)
  33 orcs
  A ball python (D:3)
  15 bats
  A bat skeleton (D:8)
  10 goblins
  15 hobgoblins
  5 quokkas
  5 giant cockroaches
  5 giant newts
  A hobgoblin skeleton (D:4)
  A hobgoblin zombie (D:5)
  14 jackals
  A jackal skeleton (D:4)
  8 kobolds
  2 orc skeletons
  17 rats
  A rat skeleton (D:4)
  A fungus (D:8)
220 creatures vanquished.

Vanquished Creatures (collateral kills)
  An ice beast (D:8)
  An orc wizard (D:7)
  3 orcs (D:7)
  A hobgoblin (D:7)
  A rat (D:8)
7 creatures vanquished.

Vanquished Creatures (others)
  A fungus (D:8)
1 creature vanquished.

Grand Total: 228 creatures vanquished

Notes
Turn   | Place    | Note
--------------------------------------------------------------
     0 | D:1      | Psiweapon, the Gargoyle Gladiator, began the quest for the Orb.
     0 | D:1      | Reached XP level 1. HP: 12/12 MP: 1/1
   427 | D:2      | Reached XP level 2. HP: 17/17 MP: 2/2
   438 | D:2      | Reached skill level 4 in Staves
   893 | D:2      | Reached XP level 3. HP: 21/21 MP: 3/3
  1149 | D:2      | Reached skill level 5 in Staves
  1322 | D:2      | Reached XP level 4. HP: 21/26 MP: 4/4
  1861 | D:3      | HP: 1/26 [orc wizard/puff of flame (5)]
  1862 | D:3      | Reached skill level 6 in Staves
  1862 | D:3      | Reached XP level 5. HP: 1/30 MP: 5/5
  2353 | D:3      | Found a burning altar of Makhleb.
  2354 | D:3      | Found a deep blue altar of Sif Muna.
  2360 | D:3      | Became a worshipper of Makhleb the Destroyer
  3045 | D:4      | Reached skill level 7 in Staves
  3056 | D:4      | Reached XP level 6. HP: 30/35 MP: 6/6
  3069 | D:4      | Acquired Makhleb's first power
  3332 | D:4      | Reached skill level 8 in Staves
  3584 | D:4      | Acquired Makhleb's second power
  3584 | D:4      | Reached XP level 7. HP: 40/40 MP: 7/7
  3796 | D:5      | Entered Level 5 of the Dungeon
  3796 | D:5      | Found Cosit's Weapon Emporium.
  3845 | D:5      | Got a smoking dire flail
  3846 | D:5      | Identified the +8,+8 dire flail of Premoduv {venom, rF+} (You found it on level 5 of the Dungeon)
  4073 | D:5      | Reached skill level 1 in Invocations
  4142 | D:5      | Reached skill level 1 in Maces & Flails
  4341 | D:5      | Paralysed by a giant eyeball for 3 turns
  4450 | D:6      | Noticed Duvessa
  4457 | D:6      | Noticed Dowan
  4461 | D:6      | Killed Duvessa
  4465 | D:6      | Killed Dowan
  4780 | D:6      | Noticed an oklob plant
  4795 | D:6      | Reached XP level 8. HP: 38/44 MP: 11/13
  4913 | D:6      | Found a burning altar of Makhleb.
  4962 | D:6      | Acquired Makhleb's third power
  5005 | D:6      | Noticed Grinder
  5018 | D:6      | Killed Grinder
  5018 | D:6      | Reached skill level 5 in Maces & Flails
  5018 | D:6      | Reached skill level 5 in Invocations
  5045 | D:6      | Paralysed by a giant eyeball for 4 turns
  5065 | D:6      | Noticed Crazy Yiuf
  5069 | D:6      | Killed Crazy Yiuf
  5204 | D:6      | Paralysed by a giant eyeball for 2 turns
  5459 | D:6      | Found a basalt altar of Yredelemnul.
  5524 | D:7      | Noticed flammableBen's ghost (experienced HaAs)
  5544 | D:7      | Killed flammableBen's ghost
  5544 | D:7      | Reached XP level 9. HP: 39/48 MP: 18/20
  5592 | D:7      | Found a staircase to the Ecumenical Temple.
  6242 | D:8      | Reached skill level 9 in Invocations
  6304 | D:8      | Acquired Makhleb's fourth power
  6325 | D:8      | Found a staircase to the Lair.
  6384 | D:8      | Noticed Maurice
  6398 | D:8      | Noticed Erolcha
  6405 | D:8      | Killed Erolcha
  6405 | D:8      | Reached skill level 10 in Invocations
  6420 | D:8      | Noticed Eustachio
  6433 | D:8      | Killed Eustachio
  6433 | D:8      | Reached XP level 10. HP: 53/53 MP: 23/23
  6567 | D:8      | Killed Maurice
  6706 | D:8      | Reached skill level 11 in Invocations
  6776 | D:8      | Reached skill level 10 in Maces & Flails
  7208 | Lair:1   | Entered Level 1 of the Lair of Beasts
  7214 | Lair:1   | Reached skill level 1 in Armour
  7286 | Lair:1   | Slain by a komodo dragon

Action                   |  1- 3 |  4- 6 |  7- 9 | 10-12 || total
-------------------------+-------+-------+-------+-------++-------
Melee: Quarterstaff      |    97 |   221 |    18 |       ||   336
       Dire flail        |       |       |   231 |    99 ||   330
Throw: Tomahawk          |       |    28 |       |    10 ||    38
       Throwing net      |       |     3 |       |       ||     3
Invok: Minor Destruction |       |       |    15 |     6 ||    21
       Lesser Servant of |       |       |     3 |       ||     3
Evoke: Wand              |       |     1 |       |       ||     1
  Use: Potion            |       |     3 |     2 |       ||     5
       Scroll            |       |       |    11 |     1 ||    12
 Stab: Held in net/web   |       |     1 |       |       ||     1
